Map: Undercurrent LE

Players

Nyck

  • Race: Terran Terran
  • Spawn Location: 1:00

Ekelpack

  • Race: Zerg Zerg
  • Spawn Location: 3:00

laXen - Winner!

  • Race: Zerg Zerg
  • Spawn Location: 7:00

SeekNdestroy - Winner!

  • Race: Protoss Protoss
  • Spawn Location: 7:00

VOD

Have the link to the VOD?

Description

Time

  • Played on: Nov. 27, 2024, 12:24 p.m.
  • Length: 11:21
Show
View Real Time Build Order
Export as new Build Order

Nyck Terran 

Build Orders: Reaper Expand 

Get SALT Encoding   

  12  0:00  SCV  
  13  0:12  SCV  
  14  0:18  Supply Depot  
  14  0:24  SCV  
  15  0:39  SCV  
  15  0:41  Barracks  
  16  0:45  Refinery  
  16  0:51  SCV  
  17  1:11  SCV  
  18  1:24  SCV  
  19  1:38  Command Center  
  19  1:43  Orbital Command  
  19  1:45  Reaper  
  20  2:02  Supply Depot  
  20  2:23  SCV  
  20  2:26  Reaper  
  22  2:32  Factory  
  22  2:40  SCV  
  23  2:45  Refinery  
  23  2:53  SCV  
  23  3:13  Reaper  
  23  3:18  Hellion  
  25  3:26  Starport  
  25  3:32  SCV  
  26  3:36  Command Center  
  26  4:03  SCV  
  26  4:05  Starport Tech Lab  
  27  4:10  Starport  
  27  4:14  Reaper  
  27  4:15  SCV  
  27  4:17  Hellion  
  31  4:31  Banshee  
  31  4:34  Supply Depot  
  34  4:41  SCV  
  35  4:57  Command Center  
  35  4:59  SCV  
  36  5:34  Orbital Command  
  36  5:52  Starport Reactor  
  36  5:55  SCV  
  37  6:02  Cloaking Field  
  37  6:08  SCV x2  
  40  6:20  SCV x2  
  42  6:32  SCV x2  
  43  6:38  Reaper  
  46  6:44  SCV x2  
  46  6:45  Factory Tech Lab  
  46  6:46  Viking  
  48  6:47  Viking  
  48  6:51  Viking  
  48  6:54  Starport  
  52  7:00  Engineering Bay  
  49  7:04  SCV x2  
  51  7:09  Refinery  
  51  7:12  Refinery  
  51  7:18  Orbital Command  
  51  7:20  SCV x2  
  53  7:28  Viking x2  
  57  7:39  SCV  
  57  7:41  Orbital Command  
  50  8:24  Refinery  
  50  8:28  Starport Reactor  
  50  8:34  Armory  
  50  8:39  Engineering Bay  
  50  8:41  Armory  
  50  8:43  SCV x2  
  52  8:49  Refinery  
  52  8:55  SCV x2  
  54  9:05  Viking x3  
  54  9:06  Viking  
  62  9:15  Supply Depot, SCV x2  
  64  9:27  SCV x2  
  66  9:39  SCV x2  
  66  9:42  Thor  
  66  9:45  Viking x2  
  78  10:05  Viking  
  78  10:06  Viking  
  64  10:21  Viking x3  
  70  10:35  Viking  
  72  10:36  Viking  
  67  10:51  Viking x3  
Show
View Real Time Build Order
Export as new Build Order

Ekelpack Zerg 

Build Orders: Hatch First 

Get SALT Encoding   

  12  0:00  Drone  
  13  0:12  Overlord  
  13  0:19  Drone  
  14  0:31  Drone  
  15  0:45  Hatchery  
  15  0:47  Drone  
  15  1:02  Spawning Pool  
  14  1:06  Drone  
  14  1:10  Extractor  
  14  1:12  Drone  
  14  1:16  Drone  
  16  1:20  Drone  
  17  1:28  Drone  
  18  1:40  Drone  
  19  1:49  Queen  
  19  1:51  Zergling x2  
  22  1:56  Queen  
  24  2:02  Drone  
  24  2:06  Drone  
  26  2:13  Overlord  
  26  2:17  Drone  
  27  2:28  Lair  
  27  2:30  Drone  
  27  2:33  Drone  
  27  2:34  Extractor  
  28  2:38  Drone  
  28  2:39  Drone  
  30  2:49  Drone x2  
  32  2:51  Drone  
  32  2:54  Drone  
  34  3:02  Drone  
  34  3:04  Extractor  
  34  3:08  Zergling x4  
  34  3:09  Overlord  
  36  3:13  Extractor  
  36  3:15  Zergling x2  
  36  3:17  Metabolic Boost  
  36  3:34  Spire  
  35  3:46  Drone x2  
  35  4:21  Drone x2  
  35  4:22  Drone x4  
  35  4:23  Overlord x2  
  41  4:26  Drone  
  42  4:44  Drone  
  43  4:46  Drone  
  43  4:47  Mutalisk  
  43  4:48  Mutalisk x3  
  52  4:59  Mutalisk x2  
  54  5:02  Overlord  
  56  5:08  Mutalisk  
  56  5:11  Mutalisk  
  56  5:13  Zerg Flyer Weapons Level 1  
  60  5:21  Drone  
  61  5:30  Drone x4  
  65  5:58  Zergling x2  
  65  5:59  Zergling x4  
  65  6:00  Overlord x2  
  68  6:24  Mutalisk x4  
  68  6:25  Mutalisk x4  
  78  6:26  Overlord x2  
  84  6:33  Overlord  
  84  6:39  Overlord  
  84  6:40  Overlord  
  84  6:55  Queen  
  86  7:07  Zerg Flyer Armor Level 1  
  86  7:10  Hatchery  
  85  7:19  Zergling x2  
  85  7:20  Zergling x10  
  91  7:45  Infestation Pit  
  90  7:53  Evolution Chamber  
  89  8:03  Mutalisk x4  
  82  8:24  Zergling x8  
  82  8:25  Zergling x10  
  91  8:34  Zerg Melee Weapons Level 1  
  91  8:35  Hive  
  91  8:37  Drone x3  
  94  8:46  Drone x2  
  96  8:57  Drone  
  96  8:58  Drone x3  
  96  9:01  Zerg Flyer Weapons Level 2  
  100  9:03  Drone x3  
  103  9:10  Drone x5  
  103  9:11  Drone  
  103  9:16  Drone x3  
  112  9:31  Drone x2  
  112  9:32  Drone x4  
  114  9:42  Extractor, Mutalisk x3  
  114  9:43  Extractor  
  108  10:07  Mutalisk x4  
  108  10:08  Mutalisk x2  
  98  10:32  Mutalisk x3  
  98  10:33  Zergling x2, Mutalisk x2  
  98  10:34  Zergling x2  
  103  10:42  Mutalisk  
Show
View Real Time Build Order
Export as new Build Order

laXen Zerg - Winner!

Build Orders: Hatch First 

Get SALT Encoding   

  12  0:00  Drone  
  13  0:12  Overlord  
  13  0:17  Drone  
  14  0:30  Drone x2  
  14  0:35  Drone  
  17  0:52  Hatchery  
  17  0:54  Drone  
  17  0:58  Extractor  
  17  1:00  Drone  
  17  1:13  Spawning Pool  
  17  1:17  Drone  
  17  1:21  Drone  
  18  1:33  Drone  
  19  1:43  Overlord  
  19  2:01  Queen  
  21  2:03  Queen  
  21  2:05  Zergling x2  
  21  2:07  Metabolic Boost  
  24  2:10  Zergling x2  
  24  2:14  Zergling x2  
  26  2:16  Zergling x2  
  26  2:20  Zergling x2  
  28  2:23  Zergling x2  
  28  2:27  Zergling x2  
  30  2:40  Drone x2  
  32  2:45  Drone  
  32  2:47  Drone  
  34  2:52  Lair  
  34  2:54  Drone  
  35  3:06  Drone  
  36  3:14  Overlord  
  36  3:19  Overlord  
  35  3:32  Drone x2, Extractor  
  35  3:33  Extractor  
  35  3:35  Drone x3  
  35  3:36  Drone, Extractor  
  38  3:57  Drone x3  
  38  3:58  Drone x3  
  44  4:03  Drone x3, Spire  
  46  4:16  Zergling x6  
  49  4:28  Zergling x4  
  51  4:33  Overlord  
  51  4:35  Overlord  
  51  4:54  Drone x3  
  51  4:55  Drone x2  
  56  5:05  Hatchery  
  55  5:11  Drone x2  
  55  5:13  Drone x2  
  59  5:15  Overlord x3  
  59  5:18  Zerg Flyer Weapons Level 1  
  59  5:25  Overseer  
  59  5:32  Mutalisk x2  
  59  5:33  Mutalisk x4  
  71  5:37  Mutalisk  
  73  5:51  Mutalisk x2  
  77  5:59  Mutalisk  
  79  6:08  Mutalisk  
  81  6:21  Mutalisk  
  81  6:31  Overlord x4  
  81  6:43  Overlord x3  
  81  6:48  Extractor  
  81  6:49  Mutalisk x3  
  81  6:51  Drone x3, Extractor  
  81  6:52  Drone x2  
  81  6:53  Drone  
  91  7:01  Mutalisk  
  91  7:02  Mutalisk  
  95  7:11  Spore Crawler  
  95  7:12  Spore Crawler  
  95  7:14  Zerg Flyer Armor Level 1  
  93  7:19  Mutalisk  
  95  7:25  Drone x6  
  95  7:26  Drone  
  95  7:27  Queen  
  104  7:34  Pneumatized Carapace  
  104  7:36  Mutalisk  
  104  7:37  Mutalisk  
  108  7:54  Spore Crawler  
  108  7:55  Mutalisk x2  
  108  7:56  Mutalisk  
  112  8:06  Spore Crawler  
  112  8:08  Mutalisk x2  
  92  8:20  Mutalisk x2  
  95  8:32  Mutalisk  
  95  8:33  Overlord  
  95  8:34  Overlord, Mutalisk  
  99  8:49  Mutalisk x2  
  99  8:52  Hatchery  
  99  8:53  Extractor  
  99  8:55  Extractor  
  100  9:00  Mutalisk  
  100  9:01  Mutalisk  
  104  9:04  Mutalisk  
  104  9:07  Zergling x4  
  104  9:08  Drone x3  
  104  9:09  Drone x2  
  114  9:10  Drone  
  114  9:14  Mutalisk  
  111  9:31  Extractor  
  111  9:33  Mutalisk x2  
  111  9:34  Mutalisk  
  116  9:53  Mutalisk x3  
  116  10:13  Mutalisk x3  
  116  10:26  Mutalisk x2  
  120  10:29  Zergling x14  
  127  10:43  Overlord x4  
  125  10:52  Mutalisk  
  125  10:56  Overlord x2  
  125  10:57  Overlord x3  
  127  11:01  Overlord x2  
  127  11:02  Drone  
  127  11:03  Drone x2  
Show
View Real Time Build Order
Export as new Build Order

SeekNdestroy Protoss - Winner!

Build Orders: 1 Gate Expand, Archon Immortal 

Get SALT Encoding   

  1  0:00  Probe  
  12  0:05  Probe  
  14  0:15  Probe  
  15  0:24  Pylon  
  16  0:42  Probe  
  16  0:45  Gateway  
  16  0:48  Assimilator  
  16  0:54  Probe  
  17  1:06  Probe  
  18  1:15  Probe  
  18  1:25  Nexus  
  19  1:28  Probe  
  20  1:39  Cybernetics Core  
  20  1:42  Probe  
  21  1:50  Pylon  
  21  1:54  Assimilator  
  21  1:59  Probe  
  22  2:20  Adept  
  24  2:23  Probe  
  24  2:28  Warp Gate  
  25  2:35  Gateway  
  25  2:36  Gateway  
  25  2:37  Probe  
  25  2:38  Probe  
  25  2:41  Adept  
  29  2:55  Twilight Council  
  29  3:00  Probe  
  29  3:04  Probe  
  31  3:18  Probe x2  
  33  3:22  Shield Battery  
  33  3:25  Assimilator  
  33  3:33  Probe x2  
  35  4:00  Charge  
  34  4:10  Probe x2  
  33  4:17  Gateway  
  33  4:19  Gateway  
  33  4:21  Gateway, Sentry  
  33  4:22  Sentry  
  33  4:23  Zealot  
  39  4:25  Pylon  
  39  4:26  Probe x2  
  41  4:32  Pylon  
  41  4:48  Probe x2  
  41  4:49  Zealot, Robotics Facility  
  41  4:50  Zealot x2  
  49  5:00  Pylon  
  49  5:01  Probe x2  
  49  5:04  Assimilator  
  51  5:07  Pylon  
  51  5:12  Stalker x2  
  51  5:13  Stalker  
  57  5:19  Probe x2  
  59  5:32  Probe x2  
  59  5:33  Zealot  
  59  5:34  Zealot x2  
  67  5:35  Sentry  
  67  5:36  Sentry x2  
  67  5:42  Immortal  
  77  5:49  Probe  
  78  5:54  Templar Archives  
  78  6:02  Forge  
  78  6:03  Probe  
  78  6:04  Probe  
  74  6:13  Stalker x2  
  78  6:21  Protoss Shields Level 1  
  78  6:37  Photon Cannon  
  78  6:41  Photon Cannon  
  78  6:55  Pylon  
  78  6:57  Pylon  
  78  7:03  Pylon  
  78  7:13  Probe x2  
  78  7:15  High Templar x2  
  84  7:16  High Templar x2  
  84  7:19  Nexus, Archon  
  84  7:20  Archon  
  84  7:22  Pylon  
  88  7:24  Pylon  
  88  7:25  Probe, Immortal  
  88  7:28  Probe  
  94  7:40  Probe  
  94  7:44  Shield Battery  
  95  7:46  Photon Cannon  
  95  7:48  Photon Cannon  
  99  8:05  Protoss Ground Weapons Level 1, Immortal  
  99  8:08  High Templar x2  
  99  8:12  Archon  
  103  8:13  Probe x2  
  105  8:22  Forge  
  105  8:26  Probe  
  106  8:27  Probe  
  106  8:32  Probe  
  106  8:33  Zealot  
  106  8:34  Zealot, Sentry  
  112  8:35  Sentry  
  116  8:47  Immortal  
  120  8:50  Probe x3  
  123  9:06  Protoss Ground Armor Level 1  
  123  9:07  High Templar  
  123  9:08  High Templar  
  127  9:10  Zealot x3  
  127  9:12  Archon  
  133  9:45  Pylon  
  133  9:49  Pylon  
  133  9:51  Pylon  
  133  9:53  Pylon  
  133  9:56  Pylon  
  133  9:58  Pylon  
  133  9:59  Robotics Facility  
  133  10:03  Probe x3, Immortal  
  140  10:15  Probe x2  
  140  10:20  High Templar x2  
  146  10:23  Zealot  
  146  10:24  Zealot x3  
  146  10:26  Archon  
  154  10:33  Probe  
  154  10:34  Probe x2  
  157  10:41  Nexus  
  157  10:42  Immortal  
  161  10:44  Pylon  
  161  10:45  Pylon  
  161  10:46  Gateway  
  161  10:48  Gateway, Pylon  
  161  10:49  Gateway  
  149  11:19  Zealot x2  
  149  11:20  Zealot x4  
Tags
 
Add a new tag
Caveats
  • Supply blocks, unpowered buildings, or Contaminate may cause inaccurate times.
  • Supply counts are checked every 10 seconds.